 Dungeon Crawl Stone Soup version 0.17.0-24-gcfadda4 (console) character file.

0 gw the Chucker (level 1, -1/16 HPs)
             Began as a Demonspawn Hunter on Nov 16, 2015.
             Succumbed to a kobold's poison
             ... on level 1 of the Dungeon.
             The game lasted 00:00:05 (183 turns).

gw the Chucker (Demonspawn Hunter)                   Turns: 183, Time: 00:00:05

Health: -1/16      AC:  3    Str: 12    XL:     1   Next: 8%
Magic:  1/1        EV: 11    Int: 12    God:
Gold:   10         SH:  0    Dex: 13    Spells: 0 memorised, 0 levels left

rFire  . . .     SeeInvis .     c - +0 short sword
rCold  . . .     Clarity  .     d - +0 leather armour
rNeg   . . .     SustAt   .     (no shield)
rPois  .         Gourm    .     (no helmet)
rElec  .         Spirit   .     (no cloak)
rCorr  .         Warding  .     (no gloves)
rMut   .         Stasis   .     (no boots)
MR     .....                    (no amulet)
Stlth  +.........               (no ring)
                                (no ring)

@: lethally poisoned (-1 -> -22), not resistant to hostile enchantments, very
unstealthy
A: no striking features
a: no special abilities


You were on level 1 of the Dungeon.
You were not hungry.

You visited 1 branch of the dungeon, and saw 1 of its levels.

You collected 10 gold pieces.

Inventory:

Hand Weapons
 c - a +0 short sword (weapon)
Missiles
 a - 6 javelins (quivered)
 b - 2 throwing nets
Armour
 d - a +0 leather armour (worn)
Scrolls
 f - a scroll of identify {unknown}
 h - a scroll of noise {unknown}
Potions
 g - a potion of flight {unknown}
Comestibles
 e - a bread ration


   Skills:
 + Level 2.0 Fighting
 * Level 3.6 Throwing
 + Level 0.1 Armour
 - Level 1.7 Dodging
 - Level 0.8 Stealth


You couldn't memorise any spells.
You didn't know any spells.

Dungeon Overview and Level Annotations

Branches:
Dungeon (1/15)

Altars:


Message History

The kobold is severely wounded.
You feel sick. The kobold barely misses you.
ATTACK MOVE TO (1,0)
You barely miss the kobold.
The kobold is severely wounded.
You feel sick. The kobold hits you but does no damage.
You are more poisoned.
ATTACK MOVE TO (1,0)
You barely miss the kobold.
The kobold is severely wounded.
You feel sick.
The kobold hits you with a short sword of venom.
ATTACK MOVE TO (1,0)
You hit the kobold but do no damage.
The kobold is severely wounded.
You feel sick. The kobold closely misses you.
ATTACK MOVE TO (1,0)
You closely miss the kobold.
The kobold is heavily wounded.
You die...

###..####..........##.#
#..................##.#
#.....########...####.#
#.....# #.#.......
#.....########.#.######
#..............#.#
.....#(##########.# ...
+(......... .
###6K...... #........
#.......# #########


You could see a kobold.

Table legend:
 A = Turns spent in this place as a percentage of turns spent in the entire game.
 B = Non-inter-level travel turns spent in this place as a percentage of non-inter-level travel turns spent in the entire game.
 C = Inter-level travel turns spent in this place as a percentage of turns spent in this place.
 D = Turns resting spent in this place as a percentage of non-inter-level travel turns spent in this place.
 E = Turns spent auto-exploring this place as a percentage of non-inter-level travel turns spent in this place.
 F = Non-inter-level travel turns spent in this place divided by the number of levels of this place that you've seen.
                   A       B       C       D       E      F
               +-------+-------+-------+-------+-------+----------------------
         Total | 100.0 | 100.0 |   0.0 |   0.0 |   3.5 | 172.0
       Dungeon | 100.0 | 100.0 |   0.0 |   0.0 |   3.5 | 172.0
               +-------+-------+-------+-------+-------+----------------------

Table legend:
 A = Kills in this place as a percentage of kills in entire the game.
 B = Kills by you in this place as a percentage of kills by you in the entire game.
 C = Kills by friends in this place as a percentage of kills by friends in the entire game.
 D = Other kills in this place as a percentage of other kills in the entire game.
 E = Experience gained in this place as a percentage of experience gained in the entire game.
 F = Experience gained in this place divided by the number of levels of this place that you have seen.
                   A       B       C       D       E      F
               +-------+-------+-------+-------+-------+----------------------
         Total | 100.0 | 100.0 |  -nan |  -nan | 100.0 |   1.0
       Dungeon | 100.0 | 100.0 |  -nan |  -nan | 100.0 |   1.0
               +-------+-------+-------+-------+-------+----------------------

Vanquished Creatures
  A kobold (D:1)
1 creature vanquished.

Notes
Turn   | Place    | Note
--------------------------------------------------------------
     0 | D:1      | gw the Demonspawn Hunter began the quest for the Orb.
     0 | D:1      | Reached XP level 1. HP: 16/16 MP: 1/1
   183 | D:1      | Succumbed to a kobold's poison

Action                   || total
-------------------------++-------
Melee: Short sword       ||    11
 Stab: Sleeping          ||     1

Vault maps used:
D:1:      dpeg_cavernosity
